Match 41075067
Unlisted

Match 41075067
End
Kradschützen Motorcycle Team
Panzergrenadier Squad
Panzergrenadier Squad
Selects Panzerjäger Kommand Battlegroup
Construct Light Support Kompanie
Selects Tank Busters
MG34 Team
2.5-tonne Medical Truck
Construct Mechanized Kompanie
Panzerjäger Mechanized Group
Support Armor Elements
Selects Mine Fields
Selects Defensive Positions
StuG III D Assault Gun
Veteran Squad Leaders
StuG III D Assault Gun
18-tonne Recovery Half-track
2.5-tonne Medical Truck
Marder III Tank Destroyer
Selects Crew Shock Tactics
Marder III Tank Destroyer
Selects Anti-tank Overwatch
Construct Panzerarmee Kommand
Vehicle Survival Package
Walking Stuka Rocket Launcher
Anti-tank Overwatch
Selects Butterfly Bomb Drop
StuG III D Assault Gun
Anti-tank Overwatch
Panzerjäger Mechanized Group
Flakvierling Half-track
Walking Stuka Rocket Launcher
PartTime_RebeL
GG Shermi
HikiKoumori
Scherzando
DoMxNightM4rE
zintoko
0
0

Comments sign in to comment!

No comments posted yet!